 Dungeon Crawl Stone Soup version 0.30-a0-632-g346586fe48 (webtiles) character file.

Game seed: 14782702902228114117

938 Mitcholas the Skirmisher (level 7, -2/42 HPs)
             Began as a Deep Elf Hunter on Jan 13, 2023.
             Was a Follower of Okawaru.
             Shot with an arrow by a centaur (9 damage)
             ... on level 6 of the Dungeon.
             The game lasted 00:12:39 (3962 turns).

Mitcholas the Skirmisher (Deep Elf Hunter)          Turns: 3962, Time: 00:12:40

Health: -2/42      AC:  5    Str:  8    XL:     7   Next: 87%
Magic:  9/9        EV: 14    Int: 14    God:    Okawaru [*.....]
Gold:   252        SH:  0    Dex: 20    Spells: 6/6 levels left

rFire   . . .      SeeInvis +    a - +0 shortbow
rCold   . . .      Faith    .    (shield currently unavailable)
rNeg    + . .      Spirit   .    c - +0 leather armour
rPois   .          Reflect  .    v - +0 helmet
rElec   .          Harm     .    m - +0 cloak
rCorr   .          Rampage  .    (no gloves)
Will    .....                    (no boots)
Stlth   +++                      (no amulet)
HPRegen 0.27/turn                s - ring of positive energy
MPRegen 0.11/turn                z - ring of see invisible

@: no status effects
A: no striking features
a: Renounce Religion, Heroism


You were on level 6 of the Dungeon.
You worshipped Okawaru.
Okawaru was aware of your devotion.
You visited 1 branch of the dungeon, and saw 6 of its levels.

You collected 252 gold pieces.

Inventory:

Hand Weapons
 a - a +0 shortbow (weapon)
Armour
 c - a +0 leather armour (worn)
 m - a +0 cloak (worn)
 v - a +0 helmet (worn)
Jewellery
 s - a ring of positive energy (left hand)
 z - a ring of see invisible (right hand)
Wands
 p - a wand of flame (16)
 q - a wand of paralysis (1)
 r - a wand of light (14)
Scrolls
 b - a scroll of immolation
 e - 2 scrolls of blinking {unknown}
 g - 3 scrolls of fog {unknown}
 h - 3 scrolls of enchant weapon {unknown}
 k - 3 scrolls of identify {unknown}
 n - a scroll of fear {unknown}
 o - a scroll of teleportation {unknown}
 t - a scroll of enchant armour {unknown}
 u - a scroll of amnesia {unknown}
 y - a scroll of poison {unknown}
Potions
 d - a potion of magic {unknown}
 f - 3 potions of flight {unknown}
 i - 2 potions of degeneration {unknown}
 j - 3 potions of curing {unknown}
 l - 4 potions of heal wounds {unknown}
 w - 3 potions of cancellation {unknown}
 x - a potion of might {unknown}


   Skills:
 + Level 3.7 Fighting
 * Level 9.5 Ranged Weapons
 + Level 5.6 Dodging
 - Level 4.0 Stealth
 + Level 0.3 Invocations
 + Level 0.3 Evocations


You had 6 spell levels left.
You didn't know any spells.
Your spell library contained the following spells:

 Spells                   Type           Power      Damage    Failure   Level
 Ensorcelled Hibernation  Hex/Ice        0%         N/A       54%         2
 Passwall                 Tmut/Erth      0%         N/A       54%         2
 Swiftness                Air            0%         N/A       77%         3
 Anguish                  Hex/Necr       0%         N/A       99%         4
 Enfeeble                 Hex            0%         N/A       100%        7


Dungeon Overview and Level Annotations

Branches:
Dungeon (6/15)
 Temple: D:4-7

Altars:
Okawaru

Shops:
D:1 ([?(   D:3 *?[   D:4 ?


Message History

Okawaru accepts your kill.
No target in view!
Found a stone staircase leading down.
z - a ring of see invisible You remove your ring of wizardry.
z - a ring of see invisible (right hand)
You drop a ring of wizardry.
There is a stone staircase leading down here.
Done exploring.
Done exploring.
Search for what [Enter for "."]? .
Unknown command.
Unknown command.
You climb downwards.
You hear the hiss of flowing sand.
There is an entrance to an ossuary on this level.
Hurry and find it before the portal is buried!
Found a wand of light (5).
There is a stone staircase leading up here.
Okay, then.
r - a wand of light (14) (gained 5 charges)
p - a wand of flame (16)
A centaur comes into view.
Found 16 gold pieces and a book of Storms.
You shoot an arrow. The arrow hits the centaur!
The centaur shouts!
The centaur is heavily wounded.
An iguana comes into view.
You shoot an arrow. The arrow hits the centaur!
The centaur is severely wounded.
The centaur wields a +1 shortbow of freezing.
It is covered in frost.
The centaur shoots an arrow.
The arrow hits you. The arrow freezes you.
The centaur shoots an arrow.
The arrow misses you.
You shoot an arrow. The arrow hits the centaur.
The centaur is almost dead.
The centaur shoots an arrow.
The arrow hits you! The arrow freezes you.
You shoot an arrow. The arrow barely misses the centaur.
The centaur shoots an arrow.
The arrow hits you! The arrow freezes you.
* * * LOW HITPOINT WARNING * * *
The centaur shoots an arrow.
The arrow hits you!
You die...

#....... .
#....#.#
.#.....l#
.....#c. #.
#.#.#.# #..
#...#$####
.#..###.#.#....#
..........@.#
#......########
..#.#.#........#
#...####.#.#
#.#.####...#
#......#.#.#
###.####...#
#.####.#.#
#........#


You could see a centaur and an iguana.

Vanquished Creatures
  Sigmund (D:5)
  Menkaure (D:4)
  An ogre (D:4)
  Blork the orc (D:5)
  A bullfrog (D:5)
  A scorpion (D:5)
  A necrophage (D:4)
  4 hounds
  3 iguanas
  3 adders
  A gnoll (D:3)
  2 ufetubi (D:5)
  A worm (D:2)
  4 dart slugs
  6 orcs
  6 ball pythons
  8 bats
  8 endoplasms
  2 giant cockroaches (D:2)
  9 goblins
  6 hobgoblins
  3 jackals (D:1)
  4 quokkas
  7 frilled lizards
  4 kobolds
  5 rats
93 creatures vanquished.

Notes
Turn   | Place    | Note
-------+----------+-------------------------------------------
     0 | D:1      | Mitcholas the Deep Elf Hunter began the quest for the Orb.
     0 | D:1      | Reached XP level 1. HP: 12/12 MP: 3/3
    45 | D:1      | Reached XP level 2. HP: 17/17 MP: 4/4
   256 | D:1      | Found Ostriwaeg's Armour Boutique.
   339 | D:1      | Found Ymogoicle's Magic Scroll Shoppe.
   361 | D:1      | Found Luempymea's Weapon Boutique.
   443 | D:1      | Found Iptapul's Antique Weapon Shop.
   461 | D:1      | Reached XP level 3. HP: 21/21 MP: 5/5
   522 | D:1      | Found a faded altar of an unknown god.
   836 | D:2      | Reached skill level 6 in Ranged Weapons
  1242 | D:2      | Reached XP level 4. HP: 26/26 MP: 6/6
  1603 | D:3      | Found Atiwuf's Magic Scroll Shop.
  1766 | D:3      | Found an iron altar of Okawaru.
  1775 | D:3      | Became a worshipper of Warmaster Okawaru
  1852 | D:3      | Found Tittaduk's Antique Armour Shop.
  1951 | D:3      | Found Navyck's Assorted Antiques.
  2280 | D:4      | Noticed a necrophage
  2348 | D:4      | Noticed Menkaure
  2357 | D:4      | Killed Menkaure
  2358 | D:4      | Reached skill level 7 in Ranged Weapons
  2358 | D:4      | Reached XP level 5. HP: 31/31 MP: 7/7
  2387 | D:4      | Found Buoforgh's Magic Scroll Emporium.
  2517 | D:4      | Reached * piety under Okawaru
  2518 | D:4      | Reached XP level 6. HP: 36/36 MP: 8/8
  3074 | D:5      | Entered Level 5 of the Dungeon
  3202 | D:5      | Reached skill level 8 in Ranged Weapons
  3273 | D:5      | Noticed Blork the orc
  3278 | D:5      | Killed Blork the orc
  3279 | D:5      | Reached XP level 7. HP: 26/41 MP: 9/9
  3496 | D:5      | Reached skill level 5 in Dodging
  3660 | D:5      | Noticed Sigmund
  3665 | D:5      | Killed Sigmund
  3666 | D:5      | Reached skill level 9 in Ranged Weapons
  3962 | D:6      | Shot with an arrow by a centaur

Illustrated notes

Levels and vault maps discovered:
D:1:      dpeg_arrival_stonehenge_12_columns, layout_basic,
          shapermc_ecumenical_altar_mp_vishouse, serial_shops,
          nicolae_shop_window_shopping, nicolae_lakefront_shop, shop, shop
D:2:      layout_loops_cross
D:3:      layout_loops_ring, okawaru_altar_gauntlet_db, serial_shops,
          nicolae_shop_behind_doors, nicolae_diamond_shop,
          nicolae_shop_advertising_works [nicolae_subvault_shop_adworks]
D:4:      layout_loops_corners, serial_shops, kennysheep_little_box,
          minmay_diced_spiral, uniq_menkaure
D:5:      layout_basic, uniq_blork_the_orc, uniq_sigmund
D:6:      layout_basic, mainiacjoe_overflow_big_doors, grunt_dithmenos_smoke,
          gammafunk_ghost_split, lightli_ossuary_entry_decrepit_ruins,
          minivault_27

Skill      XL: |  1  2  3  4  5  6  7 |
---------------+----------------------+-----
Stealth        | 2 3 4 |  4.0
Ranged Weapons | 6 7 8 9 |  9.5
Dodging        | 3 4 5 |  5.6
Fighting       | 2 3 |  3.7
Invocations    | |  0.3
Evocations     | |  0.3

Action                   |  1- 3 |  4- 6 |  7- 9 || total
-------------------------+-------+-------+-------++-------
 Fire: Shortbow          |   110 |   105 |    51 ||   266
Evoke: Wand              |       |     5 |     1 ||     6
Armor: Leather armour    |     7 |    11 |     2 ||    20
Dodge: Dodged            |    21 |    22 |    20 ||    63

Table legend: (Time is in decaauts)
 A = Elapsed time spent in this place.
 B = Non-inter-level travel time spent in this place.
 C = Inter-level travel time spent in this place.
 D = Time resting spent in this place.
 E = Time spent auto-exploring this place.
 F = Levels seen in this place.
 G = Mean time per level.
                   A        B        C        D        E       F      G
               +--------+--------+--------+--------+--------+-----+--------+
         Total |   4017 |   3787 |    230 |    312 |   2775 |   6 |  669.5 |
       Dungeon |   4017 |   3787 |    230 |    312 |   2775 |   6 |  669.5 |
               +--------+--------+--------+--------+--------+-----+--------+

Top non-repeatable levels by time:
     D:4: 1077 daAuts
     D:3: 767 daAuts
     D:5: 756 daAuts
     D:2: 718 daAuts
     D:1: 666 daAuts
     D:6: 32 daAuts
